 Dungeon Crawl Stone Soup version 0.28.0-62-gf88900778d (webtiles) character file.

Game seed: 3853272210031172926

43 jjjjhere the Chopper (level 3, -4/31 HPs)
             Began as a Hill Orc Fighter on Jan 21, 2024.
             Slain by Sigmund
             ... wielding a +0 scythe
              (5 damage)
             ... on level 2 of the Dungeon.
             The game lasted 00:01:44 (1431 turns).

jjjjhere the Chopper (Hill Orc Fighter)             Turns: 1431, Time: 00:01:45

Health: -4/31      AC:  6    Str: 20    XL:     3   Next: 58%
Magic:  3/3        EV:  9    Int:  8    God:
Gold:   84         SH:  4    Dex: 10    Spells: 2/2 levels left

rFire   . . .      SeeInvis .   a - +0 war axe
rCold   . . .      Faith    .   c - +0 buckler
rNeg    . . .      Spirit   .   b - +0 scale mail
rPois   .          Reflect  .   (no helmet)
rElec   .          Harm     .   (no cloak)
rCorr   .          Rampage  .   (no gloves)
Will    .....                   (no boots)
Stlth   ..........              (no amulet)
HPRegen 0.10/turn               (no ring)
MPRegen 0.08/turn               (no ring)

@: mighty
A: no striking features
a: no special abilities


You were on level 2 of the Dungeon.
You visited 1 branch of the dungeon, and saw 2 of its levels.

You collected 84 gold pieces.

Inventory:

Hand Weapons
 a - a +0 war axe (weapon)
Missiles
 g - 6 javelins (quivered)
Armour
 b - a +0 scale mail (worn)
 c - a +0 buckler (worn)
Scrolls
 f - a scroll of holy word {unknown}
 j - a scroll of immolation
Potions
 e - a potion of brilliance {unknown}
 i - a potion of attraction {unknown}
 k - a potion of heal wounds {unknown}


   Skills:
 - Level 3.6 Fighting
 * Level 4.5 Axes
 - Level 3.2 Armour
 + Level 3.9 Shields


You had 2 spell levels left.
You didn't know any spells.
Your spell library was empty.

Dungeon Overview and Level Annotations

Branches:
Dungeon (2/15)

Altars:

Annotations:
D:2 Sigmund


Message History

Sigmund closely misses you.
You hit Sigmund.
Sigmund is lightly wounded.
A hobgoblin comes into view.
Sigmund casts a spell at you. You resist with significant effort.
You slash Sigmund!
Sigmund is heavily wounded.
Sigmund casts a spell at you. The puff of flame hits you.
The hobgoblin hits you but does no damage.
You slash Sigmund!
Sigmund is almost dead.
You slash the hobgoblin!
You kill the hobgoblin!
Sigmund closely misses you.
You closely miss Sigmund.
Sigmund is almost dead.
Sigmund casts a spell.
Sigmund flickers and vanishes!
Deactivating autopickup; reactivate with Ctrl-A.
You miss something. You block something's attack.
You miss something.
You hear some strange, mumbled words.
You are confused.
Something hits you but does no damage.
You see here a frilled lizard corpse.
Something hits you but does no damage.
You bump into the rock wall.
You feel less confused. Something hits you!
You see here a frilled lizard corpse.
You miss something. Something hits you!
* * * LOW HITPOINT WARNING * * *
You barely miss something. Something hits you but does no damage.
You closely miss something. Something completely misses you.
You closely miss something. Something hits you!
* * * LOW HITPOINT WARNING * * *
You miss something. Something hits you.
You die...

..# ..# #.# #.#
###.## ####. #....
..#..
#.#.######.#..
#.#......#.#.#
#{@.####.#.#.#
#..(#.# #.#.#.#
###.#.# #.#.#.#
....####.#.#.####
##.####..........#
#........#.######
######.###.....#
#<# #.# #####.#
#.# #.# #.#


There were no monsters in sight!

Vanquished Creatures
  Robin (D:2)
  A dart slug (D:1)
  A ball python (D:1)
  10 goblins
  2 hobgoblins (D:2)
  4 frilled lizards
  13 rats
32 creatures vanquished.

Notes
Turn   | Place    | Note
-------+----------+-------------------------------------------
     0 | D:1      | jjjjhere the Hill Orc Fighter began the quest for the Orb.
     0 | D:1      | Reached XP level 1. HP: 19/19 MP: 1/1
    59 | D:1      | Reached skill level 3 in Axes
   220 | D:1      | Reached XP level 2. HP: 19/26 MP: 2/2
   414 | D:1      | Found a faded altar of an unknown god.
  1007 | D:2      | Noticed Sigmund
  1074 | D:2      | Noticed Robin
  1100 | D:2      | Reached skill level 4 in Axes
  1103 | D:2      | Reached XP level 3. HP: 26/31 MP: 3/3
  1127 | D:2      | Killed Robin
  1427 | D:2      | HP: 7/31 [something (7)]
  1430 | D:2      | HP: 1/31 [something (7)]
  1431 | D:2      | Slain by Sigmund

Illustrated notes

Levels and vault maps discovered:
D:1:      roderic_dead_forest, layout_basic, hellmonk_ecumenical_altar_blasted,
          minmay_rat_gold_closets
D:2:      layout_basic, uniq_robin, uniq_sigmund

Skill      XL: |  1  2 |
---------------+-------+-----
Axes           | 3 4 |  4.5
Fighting       | |  3.6
Armour         | |  3.2
Shields        | |  3.9

Action                   || total
-------------------------++-------
Melee: War axe           ||   100
Throw: Throwing net      ||     2
  Use: Potion            ||     1
Armor: Scale mail        ||    42
Dodge: Dodged            ||    34
Block: Buckler           ||    19
